 Dungeon Crawl Stone Soup version 0.26-a0-712-ga5a9c9c9d0 (webtiles) character file.

Game seed: 17231081540096275395

1017 sking99 the Conjurer (level 8, -10/48 HPs)
             Began as a Kobold Conjurer on Nov 1, 2020.
             Was an Initiate of Dithmenos.
             Mangled by Maggie
             ... wielding a +0 halberd
              (14 damage)
             ... on level 6 of the Dungeon.
             The game lasted 00:15:44 (8153 turns).

sking99 the Conjurer (Kobold Conjurer)              Turns: 8153, Time: 00:15:44

Health: -10/48     AC:  6    Str:  6    XL:     8   Next: 45%
Magic:  10/14      EV: 15    Int: 20    God:    Dithmenos [......]
Gold:   230        SH:  0    Dex: 13    Spells: 5/15 levels left

rFire    . . .     SeeInvis .   (weapon restricted)
rCold    . . .     Faith    .   (shield restricted)
rNeg     . . .     Spirit   .   a - +1 robe
rPois    .         Reflect  .   (no helmet)
rElec    .         Harm     .   f - +2 cloak
rCorr    .         Rampage  .   (no gloves)
MR       .....                  (no boots)
Stlth    +++.......             (no amulet)
HPRegen  0.16/turn              (no ring)
MPRegen  0.14/turn              (no ring)

@: about to teleport, mesmerised
A: small, nightstalker 3
a: Renounce Religion


You were on level 6 of the Dungeon.
You worshipped Dithmenos.
Dithmenos was noncommittal.
You visited 2 branches of the dungeon, and saw 7 of its levels.

You collected 230 gold pieces.

Inventory:

Armour
 a - a +1 robe (worn)
 f - a +2 cloak (worn)
 s - a +0 buckler
Jewellery
 g - an uncursed ring of protection from cold {unknown}
 h - a +6 ring of strength
 k - an uncursed amulet of guardian spirit {unknown}
 l - an uncursed ring of protection from magic {unknown}
 m - an uncursed ring of flight {unknown}
Wands
 y - a wand of flame (8)
 A - a wand of disintegration (11)
Scrolls
 d - 2 scrolls of teleportation
 p - a scroll of remove curse
 q - 2 scrolls of fog
 r - a scroll of identify
 t - a scroll of amnesia {unknown}
 z - 2 scrolls of magic mapping
Potions
 b - a potion of degeneration {unknown}
 c - a potion of invisibility {unknown}
 e - a potion of resistance {unknown}
 i - a potion of curing
 j - a potion of heal wounds {unknown}
 n - 2 potions of brilliance {unknown}
 o - 2 potions of magic {unknown}
 u - a potion of lignification {unknown}
 v - 2 potions of mutation {unknown}
 w - 2 potions of berserk rage {unknown}
 x - a potion of haste {unknown}


   Skills:
 + Level 4.8 Fighting
 - Level 2.4 Dodging
 - Level 2.6 Stealth
 - Level 4.1 Spellcasting
 * Level 7.7 Conjurations
 + Level 2.6 Hexes


You had 5 spell levels left.
You knew the following spells:

 Your Spells              Type           Power        Failure   Level
a - Magic Dart            Conj           ####         1%          1
b - Searing Ray           Conj           #####.       1%          2
c - Dazzling Flash        Conj/Hex       ###...       4%          3
d - Fulminant Prism       Conj/Hex       ###.......   16%         4

Your spell library contained the following spells:

 Spells                   Type           Power        Failure   Level
 Iskenderun's Mystic Bla  Conj/Tloc      ###.....     26%         4


Dungeon Overview and Level Annotations

Branches:
Dungeon (6/15)             Temple (1/1) D:5

Altars:
Ashenzari
Cheibriados
Dithmenos
Elyvilon
Fedhas
Gozag
Hepliaklqana
Kikubaaqudgha
Makhleb
Nemelex Xobeh
Okawaru
Qazlal
Ru
Uskayaw
Vehumet
Wu Jian
Xom
Yredelemnul
Zin
The Shining One

Annotations:
D:6 Maggie, Pikel


Innate Abilities, Weirdness & Mutations

You are small and have problems with some larger weapons.
You are completely attuned to the shadows.


Message History

The lemure hits you.
* * * LOW HITPOINT WARNING * * *
The lemure closely misses you.
Maggie says, "Fear not.
I will immortalize you in the tale of my first kill."
You see here 10 gold pieces.
Maggie says, "If you die in the Dungeon, but nobody's around to see it, does it really matter?"
Maggie gestures wildly while chanting.
Maggie attempts to bespell you!
You are mesmerised by Maggie!
You cannot move away from Maggie!
Unknown command.
The lemure closely misses you. Pikel waves his whip at you.
As you read the scroll of teleportation, it crumbles to dust.
You feel strangely unstable. The lemure barely misses you. x2
Pikel hits you but does no damage.
You closely miss Pikel.
Pikel is heavily wounded.
Maggie hits you from afar with a +0 halberd!
You die...

.......#..#.........##
.......#..#...........#
.......l..#.###.........
...............#.5......
.#..#.....###...........
.####.#...#......#$.....
## ####........55@....#
###.#....55...###
####...@K..## ##
####...... .# #.......#
## ##...#..# ##.#...


You could see Maggie (mesmerising), Pikel and 4 lemures.

Vanquished Creatures
  A sky beast (D:5)
  An ice beast (D:5)
  A phantom (D:4)
  Blork the orc (D:5)
  3 scorpions (D:4)
  Crazy Yiuf (D:5)
  A bullfrog zombie (D:6)
  An orc priest (D:5)
  2 orc wizards
  Terence (D:2)
  An iguana (D:3)
  4 worker ants
  A worker ant zombie (D:6)
  9 adders
  A gnoll (D:1)
  A shadow imp (D:6)
  A white imp (D:5)
  An ufetubus (D:5)
  An ooze (D:1)
  3 adder skeletons
  An adder zombie (D:5)
  4 worms
  2 dart slugs (D:3)
  3 leopard geckos
  10 orcs
  5 bats
  6 giant cockroaches
  8 goblins
  9 hobgoblins
  9 jackals
  2 quokkas (D:2)
  A ball python (D:1)
  6 frilled lizards
  A jackal skeleton (D:5)
  6 kobolds
  A quokka skeleton (D:4)
  3 rats
113 creatures vanquished.

Vanquished Creatures (others)
  A fungus (D:5)
1 creature vanquished.

Grand Total: 114 creatures vanquished

Notes
Turn   | Place    | Note
-------+----------+-------------------------------------------
     0 | D:1      | sking99 the Kobold Conjurer began the quest for the Orb.
     0 | D:1      | Reached XP level 1. HP: 10/10 MP: 3/3
   335 | D:1      | Reached XP level 2. HP: 16/16 MP: 0/5
   579 | D:1      | Reached skill level 1 in Fighting
   579 | D:1      | Reached XP level 3. HP: 20/20 MP: 0/6
   854 | D:1      | Learned a level 2 spell: Searing Ray
  1163 | D:2      | Noticed Terence
  1208 | D:2      | Killed Terence
  1208 | D:2      | Reached XP level 4. HP: 25/25 MP: 0/8
  1912 | D:2      | Reached skill level 5 in Conjurations
  2312 | D:2      | Found a sacrificial altar of Ru.
  2589 | D:3      | Reached XP level 5. HP: 30/30 MP: 4/9
  3938 | D:4      | Reached XP level 6. HP: 36/36 MP: 6/11
  3994 | D:4      | Noticed a phantom
  4594 | D:4      | Killed a phantom
  4594 | D:4      | Reached skill level 6 in Conjurations
  4812 | D:4      | Reached XP level 7. HP: 41/41 MP: 9/12
  4871 | D:4      | HP: 2/41 [scorpion (6)]
  5318 | D:4      | Learned a level 3 spell: Dazzling Flash
  5323 | D:4      | Learned a level 4 spell: Fulminant Prism
  5702 | D:5      | Entered Level 5 of the Dungeon
  5711 | D:5      | Found a staircase to the Ecumenical Temple.
  5717 | Temple   | Entered the Ecumenical Temple
  5933 | Temple   | Became a worshipper of Dithmenos the Shadowed
  6070 | D:5      | Found a runed translucent door.
  6097 | D:5      | Noticed Crazy Yiuf
  6132 | D:5      | Found a shimmering altar of Xom.
  6147 | D:5      | Found a shimmering altar of Xom.
  6148 | D:5      | Found a shimmering altar of Xom.
  6149 | D:5      | Found a shimmering altar of Xom.
  6202 | D:5      | Reached skill level 1 in Hexes
  6362 | D:5      | Noticed Blork the orc
  6366 | D:5      | Killed Blork the orc
  6366 | D:5      | Reached skill level 7 in Conjurations
  6366 | D:5      | Reached XP level 8. HP: 38/48 MP: 9/14
  6553 | D:5      | Found a burning altar of Makhleb.
  6554 | D:5      | Found a broken altar of Ashenzari.
  7231 | D:5      | Found an opulent altar of Gozag.
  7557 | D:5      | Killed Crazy Yiuf
  8127 | D:6      | Noticed Pikel
  8138 | D:6      | Noticed Maggie
  8144 | D:6      | HP: 2/48 [lemure[Pikel] (4)]
  8153 | D:6      | Mangled by Maggie

Illustrated notes

Levels and vault maps discovered:
D:1:      wander_arrival_estate, layout_rooms, minivault_24
D:2:      layout_loops_corners, nicolae_ru_path_of_blood, uniq_terence
D:3:      layout_basic, grunt_ministairs_15
D:4:      layout_rooms
D:5:      layout_loops_ring, xom_redecorated, lemuel_round_altar,
          gammafunk_temple_overflow_statue, minmay_temple_entry_mini_moons,
          uniq_crazy_yiuf_cottage, uniq_blork_the_orc
D:6:      layout_cave_pools, led_sif_book, basic_altar, roderic_batcave,
          uniq_maggie, uniq_pikel, uniq_edmund
Temple:   regret_index_temple_waves

Skill      XL: |  1  2  3  4  5  6  7  8 |
---------------+-------------------------+-----
Fighting       | 1 2 3 4 |  4.8
Spellcasting   | 3 4 |  4.1
Conjurations   | 5 6 7 |  7.7
Hexes          | 1 2 |  2.6
Dodging        | |  2.4
Stealth        | |  2.6

Action                   |  1- 3 |  4- 6 |  7- 9 || total
-------------------------+-------+-------+-------++-------
Melee: Unarmed           |     1 |     2 |     6 ||     9
 Cast: Magic Dart        |    46 |    78 |    61 ||   185
       Searing Ray       |     1 |    28 |    29 ||    58
  Use: Scroll            |       |     8 |     2 ||    10
       Potion            |       |       |     2 ||     2
Armor: Robe              |     1 |     5 |    14 ||    20
Dodge: Dodged            |    12 |    36 |    39 ||    87

Table legend: (Time is in decaauts)
 A = Elapsed time spent in this place.
 B = Non-inter-level travel time spent in this place.
 C = Inter-level travel time spent in this place.
 D = Time resting spent in this place.
 E = Time spent auto-exploring this place.
 F = Levels seen in this place.
 G = Mean time per level.
                   A        B        C        D        E       F      G
               +--------+--------+--------+--------+--------+-----+--------+
         Total |   8158 |   7801 |    357 |   3168 |   3624 |   7 | 1165.4 |
       Dungeon |   7890 |   7583 |    307 |   3168 |   3418 |   6 | 1315.0 |
        Temple |    267 |    217 |     50 |      0 |    206 |   1 |  267.0 |
               +--------+--------+--------+--------+--------+-----+--------+

Top non-repeatable levels by time:
     D:3: 1939 daAuts
     D:5: 1832 daAuts
     D:2: 1430 daAuts
     D:4: 1226 daAuts
     D:1: 1110 daAuts
     D:6: 350 daAuts
  Temple: 267 daAuts
